 Dungeon Crawl Stone Soup version 0.31.0-11-ge490571c62 (webtiles) character file.

Game seed: 8773545178328211109

135 qw the Ducker (level 4, 0/23 HPs)
             Began as a Spriggan Hunter on Feb 4, 2024.
             Constricted to death by Ijyb (6 damage)
             ... on level 3 of the Dungeon.
             The game lasted 00:00:05 (1516 turns).

qw the Ducker (Spriggan Hunter)                     Turns: 1516, Time: 00:00:05

Health: 0/23       AC:  2    Str:  7    XL:     4   Next: 96%
Magic:  5/5        EV: 17    Int: 10    God:
Gold:   83         SH:  0    Dex: 20    Spells: 3/3 levels left

rFire   . . .        a - +1 shortbow
rCold   . . .        (shield currently unavailable)
rNeg    . . .        c - +0 robe
rPois   .            (helmet restricted)
rElec   .            (no cloak)
rCorr   .            (gloves unavailable)
SInv    +            (boots unavailable)
Will    .....        (no amulet)
Stlth   ++           (no ring)
HPRegen 0.23/turn    (no ring)
MPRegen 0.09/turn

%: no passive effects
@: grasped by roots, constricted, very quick
A: very small, no large weapons, unfitting armour, see invisible, speed 3
a: no special abilities


You were on level 3 of the Dungeon.
You visited 1 branch of the dungeon, and saw 3 of its levels.

You collected 83 gold pieces.


Innate Abilities, Weirdness & Mutations

You are very small and have problems with some larger weapons.
You are too small for most types of armour.
You have supernaturally acute eyesight. (SInv)
You cover ground extremely quickly. (Speed+++)


   Skills:
 + Level 1.8 Fighting
 - Level 5.0 Ranged Weapons
 - Level 5.4 Dodging
 - Level 1.5 Stealth


You had 3 spell levels left.
You didn't know any spells.
Your spell library was empty.

Inventory:

Hand Weapons
 a - a +1 shortbow (weapon)
Armour
 c - a +0 robe (worn)
Scrolls
 d - 3 scrolls of teleportation
Potions
 b - a potion of haste {unknown}
 g - 3 potions of curing

Dungeon Overview and Level Annotations

Branches:
Dungeon (3/15)

Altars:

Annotations:
D:3 Ijyb


Message History

You shoot an arrow. The arrow hits the ball python!
You kill the ball python!
An adder comes into view.
You shoot an arrow. The arrow hits the adder.
The adder hisses angrily.
The adder is moderately wounded.
You hear a shout!
You hear a loud squeak.
Ijyb the Twisted Goblin comes into view.
She is wielding a +0 club and carrying a wand of roots.
You hear a shout!
You shoot an arrow. The arrow hits the adder!
The adder is almost dead.
You shoot an arrow. The arrow hits the adder.
You kill the adder!
You shoot an arrow. The arrow hits Ijyb but does no damage.
You shoot an arrow. The arrow hits Ijyb.
Ijyb is lightly wounded.
Ijyb misses you.
You shoot an arrow. The arrow hits Ijyb but does no damage.
Ijyb is lightly wounded.
Ijyb misses you.
You shoot an arrow. The arrow hits Ijyb.
Ijyb is lightly wounded.
Ijyb misses you. Ijyb closely misses you.
You shoot an arrow. The arrow hits Ijyb.
Ijyb is moderately wounded.
Ijyb zaps a wand.
The roots erupt in riotous growth!
The grasping roots grab you!
Ijyb is unaffected.
The grasping roots constrict you.
You hear a loud squeak.
You shoot an arrow. The arrow hits Ijyb but does no damage.
Ijyb is moderately wounded.
Ijyb barely misses you. The grasping roots constrict you.
The grasping roots release their grip on you.
You shoot an arrow. The arrow barely misses Ijyb.
Ijyb zaps a wand.
The roots erupt in riotous growth!
The grasping roots grab you!
Ijyb is unaffected.
The grasping roots constrict you.
You shoot an arrow. The arrow completely misses Ijyb.
Ijyb hits you with a +0 club. The grasping roots constrict you.
You die...

# ##. # #.. ##
#.# .# #.#
.######.###
..........####
<####.###....#
..##..#
####.#######
#.##.##
#....@g.# .#..
#######.# .#.#
.. .#. ## .#>
.#


You could see Ijyb.

Vanquished Creatures
  A bombardier beetle (D:3)
  A gnoll (D:1)
  4 adders
  A dart slug (D:3)
  A ribbon worm (D:2)
  6 ball pythons
  9 endoplasms
  3 goblins
  6 hobgoblins
  2 jackals (D:2)
  6 kobolds (D:2)
  2 quokkas
  3 bats (D:1)
  A frilled lizard (D:1)
  A rat (D:2)
47 creatures vanquished.

Notes
Turn   | Place    | Note
-------+----------+-------------------------------------------
     0 | D:1      | qw the Spriggan Hunter began the quest for the Orb.
     0 | D:1      | Reached XP level 1. HP: 10/10 MP: 2/2
     0 | D:1      | 0 ||| qw: Version: 0.3-a-160-g6735b56
     0 | D:1      | 0 ||| qw: Game counter: 5786
     0 | D:1      | 0 ||| qw: Melee chars always use a shield: true
     0 | D:1      | 0 ||| qw: God list: Okawaru
     0 | D:1      | 0 ||| qw: Allow faded altars: false
     0 | D:1      | 0 ||| qw: Do Orc after clearing Dungeon:15 true
     0 | D:1      | 0 ||| qw: Do second Lair branch before Depths: true
     0 | D:1      | 0 ||| qw: Lair rune preference: random
     0 | D:1      | 0 ||| qw: Goals: Normal
     0 | D:1      | 0 ||| PLANNING D:1-11
    33 | D:1      | Reached skill level 3 in Dodging
   236 | D:1      | Reached XP level 2. HP: 9/14 MP: 3/3
   488 | D:1      | Reached XP level 3. HP: 18/18 MP: 4/4
   698 | D:1      | 698 ||| READING 2 scrolls labelled UTODYE UCERHI.
   702 | D:1      | 702 ||| READING 2 scrolls labelled OTACRI KIKUI.
   703 | D:1      | 703 ||| READING scroll labelled DESHRA LYDA.
   704 | D:1      | 704 ||| DRINKING 2 amethyst potions.
   705 | D:1      | 705 ||| DROPPING scroll of butterflies.
   706 | D:1      | 706 ||| DROPPING scroll of fear.
   979 | D:2      | Reached XP level 4. HP: 22/22 MP: 5/5
  1070 | D:2      | Identified the +1 leather armour of Pazus {rF- Dex+4
                  | Slay+3}
  1423 | D:2      | 1423 ||| READING scroll labelled PYOKOSIMPI.
  1423 | D:2      | 1423 ||| ENCHANTING +0 shortbow.
  1424 | D:2      | 1424 ||| READING scroll labelled TUSUSTR FUBLY.
  1424 | D:2      | 1424 ||| IDENTIFYING 2 bubbling sapphire potions
  1425 | D:2      | 1425 ||| READING scroll labelled XASEIH GYTE.
  1425 | D:2      | 1425 ||| ENCHANTING +0 shortbow.
  1426 | D:2      | 1426 ||| DROPPING 2 potions of lignification.
  1506 | D:3      | Noticed Ijyb
  1516 | D:3      | Constricted to death by Ijyb

Levels and vault maps discovered:
D:1:      co_arrival_square_in_a_square_in_a_square, layout_loops_ring,
          nicolae_figureground_pulse
D:2:      layout_loops_cross
D:3:      layout_rooms, serial_corexii_hall, corexii_hall_statues_l,
          chequers_hall_statues_y, ebering_ecumenical_altar_mist, uniq_ijyb,
          uniq_sigmund, uniq_crazy_yiuf_cottage

Skill      XL: |  1  2  3  4 |
---------------+-------------+-----
Dodging        | 3 4 5 |  5.4
Ranged Weapons | 5 |  5.0
Fighting       | |  1.8
Stealth        | |  1.5

Action                     |  1- 3 |  4- 6 || total
---------------------------+-------+-------++-------
   Fire: Shortbow          |   108 |    51 ||   159
    Use: Scroll            |     3 |     3 ||     6
         Potion            |     1 |       ||     1
 Armour: Robe              |    18 |     4 ||    22
  Dodge: Dodged            |    48 |    16 ||    64

Table legend:
 A = Non-vault XP
 B = Vault XP
 C = Vault XP percentage of total XP
 D = Non-vault monster count
 E = Vault monster count
 F = Vault count percentage of total count
                 A         B        C        D         E       F
            +---------+---------+-------+---------+---------+-------
      Total |     193 |       0 |   0.0 |      47 |       0 |   0.0
            +---------+---------+-------+---------+---------+-------
        D:1 |      48 |       0 |   0.0 |      19 |       0 |   0.0
        D:2 |      75 |       0 |   0.0 |      23 |       0 |   0.0
        D:3 |      70 |       0 |   0.0 |       5 |       0 |   0.0
            +---------+---------+-------+---------+---------+-------
